3A
WALLA WALLA WALLEYE @ GRAND FORKS CATERPILLARS
09/06/2042
 
TOP OF THE 1ST
Walla Walla Walleye batting - Pitching for Grand Forks Caterpillars : RHP Billy Limby
Pitching: RHP Billy Limby
Batting: RHB Rodrigo Sánchez 0-0: Foul Ball, location: 2F
0-1: Foul Ball, location: 2F
0-2: Ball
1-2: Foul Ball, location: 2F
1-2: Strikes out swinging
Batting: RHB Jorge Pedroso 0-0: Swinging Strike
0-1: SINGLE (Groundball, 4MD, EV 101.9 MPH)
Batting: RHB Roy Berriman 0-0: Called Strike
0-1: Called Strike
0-2: Ground out 5-3 (Groundball, 5S, EV 65.6 MPH)
Jorge Pedroso to second
Batting: LHB Van Durr 0-0: Called Strike
0-1: Ground out 4-3 (Groundball, 4, EV 110.0 MPH)
Top of the 1st over - 0 runs, 1 hit, 0 errors, 1 left on base; Walla Walla 0 - Grand Forks 0
BOTTOM OF THE 1ST
Grand Forks Caterpillars batting - Pitching for Walla Walla Walleye : LHP Jorge Solís
Pitching: LHP Jorge Solís
Batting: RHB Miguel Bravo 0-0: Ball
1-0: Foul Ball, location: 2F
1-1: Swinging Strike
1-2: Ball
2-2: Foul Ball, location: 2F
2-2: Ball
3-2: Foul Ball, location: 2F
3-2: Ground out 4-3 (Groundball, 4S, EV 65.0 MPH)
Batting: SHB Tomás Sánchez 0-0: Ball
1-0: Called Strike
1-1: Swinging Strike
1-2: Ground out 4-3 (Groundball, 4M, EV 106.9 MPH)
Batting: LHB Kelvin Schmidt 0-0: Called Strike
0-1: Ball
1-1: Called Strike
1-2: SOLO HOME RUN (Flyball, 9D, EV 97.5 MPH), Distance : 391 ft
Batting: RHB Roberto Guerrero 0-0: Foul Ball, location: 2F
0-1: Called Strike
0-2: Ground out 1-3 (Groundball, 34S, EV 68.8 MPH)
Bottom of the 1st over - 1 run, 1 hit, 0 errors, 0 left on base; Walla Walla 0 - Grand Forks 1
TOP OF THE 2ND
Walla Walla Walleye batting - Pitching for Grand Forks Caterpillars : RHP Billy Limby
Batting: SHB Víctor Pagueros 0-0: Ball
1-0: Foul Ball, location: 2F
1-1: Fly out, F6 (Popup, 6, EV 52.5 MPH)
Batting: LHB Armando Martínez 0-0: Foul Ball, location: 2F
0-1: Ball
1-1: Foul Ball, location: 2F
1-2: Ball
2-2: Strikes out swinging
Batting: RHB Bret Taylor 0-0: Swinging Strike
0-1: Swinging Strike
0-2: Ball
1-2: Ground out 5-3 (Groundball, 56S, EV 70.0 MPH)
Top of the 2nd over - 0 runs, 0 hits, 0 errors, 0 left on base; Walla Walla 0 - Grand Forks 1
BOTTOM OF THE 2ND
Grand Forks Caterpillars batting - Pitching for Walla Walla Walleye : LHP Jorge Solís
Batting: RHB Markus Lindsey 0-0: Ball
1-0: Ball
2-0: Ball
3-0: Base on Balls
Batting: RHB Cliff Riley 0-0: Swinging Strike
0-1: Foul Ball, location: 2F
0-2: Ball
1-2: Foul Ball, location: 2F
1-2: Ball
2-2: Foul Ball, location: 2F
2-2: Ball
3-2: Foul Ball, location: 2F
3-2: Base on Balls
Markus Lindsey to second
Batting: RHB Juan Morales 0-0: Ball
1-0: Called Strike
1-1: Ball
2-1: Ball
3-1: Called Strike
3-2: Foul Ball, location: 2F
3-2: Strikes out swinging
Batting: LHB Ed Cotton 0-0: Foul Ball, location: 2F
0-1: Ball
1-1: Foul Ball, location: 2F
1-2: Fielders Choice at 2nd, 6-4 (Groundball, 6, EV 107.5 MPH)
Markus Lindsey to third
Batting: SHB Mark Foster 0-0: Ball
1-0: Ball
Pickoff Throw to First - Error! E1
Markus Lindsey scores
Ed Cotton to second
2-0: Fly out, F9 (Flyball, 89M, EV 84.4 MPH)
Bottom of the 2nd over - 1 run, 0 hits, 1 error, 1 left on base; Walla Walla 0 - Grand Forks 2
TOP OF THE 3RD
Walla Walla Walleye batting - Pitching for Grand Forks Caterpillars : RHP Billy Limby
Batting: RHB Sonny Day 0-0: Called Strike
0-1: Ball
1-1: Foul Ball, location: 2F
1-2: Ground out 5-3 (Groundball, 56, EV 81.2 MPH)
Batting: RHB Carlton Martin 0-0: Ball
1-0: Called Strike
1-1: Ground out 5-3 (Groundball, 5, EV 90.0 MPH)
Batting: RHB Rodrigo Sánchez 0-0: Called Strike
0-1: Called Strike
0-2: Ball
1-2: Ball
2-2: Foul Ball, location: 2F
2-2: Ball
3-2: Foul Ball, location: 2F
3-2: Base on Balls
Batting: RHB Jorge Pedroso 0-0: Foul Ball, location: 2F
0-1: Swinging Strike
0-2: Ball
1-2: Foul Ball, location: 2F
1-2: Ball
2-2: Ball
3-2: Foul Ball, location: 2F
3-2: Fly out, F7 (Flyball, 78D, EV 101.2 MPH)
Top of the 3rd over - 0 runs, 0 hits, 0 errors, 1 left on base; Walla Walla 0 - Grand Forks 2
BOTTOM OF THE 3RD
Grand Forks Caterpillars batting - Pitching for Walla Walla Walleye : LHP Jorge Solís
Batting: RHB Miguel Bravo 0-0: Called Strike
0-1: Swinging Strike
0-2: Ball
1-2: Reached on error, E5 (Groundball, 56S, EV 79.4 MPH)
Batting: SHB Tomás Sánchez 0-0: Called Strike
0-1: SINGLE (Groundball, 4MD, EV 105.6 MPH)
Miguel Bravo to third
Runner from 3rd tries for Home, SAFE, no throw by CF
Batting: LHB Kelvin Schmidt 0-0: SINGLE (Groundball, 6D, EV 106.9 MPH)
Tomás Sánchez to second
Batting: RHB Roberto Guerrero 0-0: Called Strike
0-1: Called Strike
0-2: Ball
1-2: Ball
2-2: Ball
3-2: Foul Ball, location: 2F
3-2: Base on Balls
Tomás Sánchez to third
Kelvin Schmidt to second
Batting: RHB Markus Lindsey 0-0: Called Strike
0-1: Ball
1-1: Called Strike
1-2: Foul Ball, location: 2F
1-2: Ball
2-2: Fly out, F7 (Flyball, 78M, EV 85.6 MPH)
Runner from 3rd tags up, OUT at HOME! 7-2
Kelvin Schmidt to third
Roberto Guerrero to second
Batting: RHB Cliff Riley 0-0: Ball
1-0: Swinging Strike
1-1: DOUBLE (Line Drive, 7LM, EV 113.1 MPH)
Kelvin Schmidt scores
Roberto Guerrero scores
Batting: RHB Juan Morales 0-0: DOUBLE (Line Drive, 9LM, EV 105.6 MPH)
Cliff Riley scores
Pinch Runner at 2nd Oscar Finley:
Batting: LHB Ed Cotton 0-0: Called Strike
0-1: Ball
1-1: Called Strike
1-2: Fly out, F6 (Popup, 6M, EV 60.6 MPH)
Bottom of the 3rd over - 4 runs, 4 hits, 1 error, 1 left on base; Walla Walla 0 - Grand Forks 6
TOP OF THE 4TH
Walla Walla Walleye batting - Pitching for Grand Forks Caterpillars : RHP Billy Limby
Now at SS: Jimmy McComb
Batting: RHB Roy Berriman 0-0: SINGLE (Groundball, 6D, EV 95.0 MPH)
Batting: LHB Van Durr 0-0: Swinging Strike
0-1: Foul Ball, location: 2F
0-2: Ball
1-2: Ground out 4-3 (Groundball, 34D, EV 77.5 MPH)
Roy Berriman to second
Batting: SHB Víctor Pagueros 0-0: 2-RUN HOME RUN (Line Drive, 89XD, EV 107.5 MPH), Distance : 431 ft
Batting: LHB Armando Martínez 0-0: Ball
1-0: Called Strike
1-1: Fly out, F8 (Flyball, 8RS, EV 95.0 MPH)
Batting: RHB Bret Taylor 0-0: Ground out 5-3 (Groundball, 56, EV 101.2 MPH)
Top of the 4th over - 2 runs, 2 hits, 0 errors, 0 left on base; Walla Walla 2 - Grand Forks 6
BOTTOM OF THE 4TH
Grand Forks Caterpillars batting - Pitching for Walla Walla Walleye : LHP Jorge Solís
Batting: SHB Mark Foster 0-0: Called Strike
0-1: Ball
1-1: Ball
2-1: Ground out 1-3 (Groundball, 34S, EV 81.2 MPH)
Batting: RHB Miguel Bravo 0-0: Called Strike
0-1: Ground out 6-3 (Groundball, 6, EV 86.2 MPH)
Batting: SHB Tomás Sánchez 0-0: Foul Ball, location: 2F
0-1: Ball
1-1: Foul Ball, location: 2F
1-2: Ball
2-2: DOUBLE (Line Drive, 9LM, EV 105.6 MPH)
Pitching: RHP Clayton Horne
Batting: LHB Kelvin Schmidt 0-0: Foul Ball, location: 7LSF, Error on foul ball, E7
0-1: Swinging Strike
0-2: Ball
1-2: Fly out, F6 (Popup, 6S, EV 63.8 MPH)
Bottom of the 4th over - 0 runs, 1 hit, 1 error, 1 left on base; Walla Walla 2 - Grand Forks 6
TOP OF THE 5TH
Walla Walla Walleye batting - Pitching for Grand Forks Caterpillars : RHP Billy Limby
Batting: RHB Sonny Day 0-0: Ball
1-0: Ground out 6-3 (Groundball, 6MS, EV 84.4 MPH)
Batting: RHB Carlton Martin 0-0: Ball
1-0: Called Strike
1-1: Ball
2-1: Swinging Strike
2-2: Strikes out swinging
Batting: RHB Rodrigo Sánchez 0-0: Called Strike
0-1: Called Strike
0-2: Foul Ball, location: 2F
0-2: Ball
1-2: Strikes out swinging
Top of the 5th over - 0 runs, 0 hits, 0 errors, 0 left on base; Walla Walla 2 - Grand Forks 6
BOTTOM OF THE 5TH
Grand Forks Caterpillars batting - Pitching for Walla Walla Walleye : RHP Clayton Horne
Batting: RHB Roberto Guerrero 0-0: Called Strike
0-1: Ball
1-1: Ball
2-1: Foul Ball, location: 2F
2-2: Strikes out swinging
Batting: RHB Markus Lindsey 0-0: Ball
1-0: Ball
2-0: Ball
3-0: Base on Balls
Batting: RHB Cliff Riley 0-0: Fielders Choice at 2nd, 3-6 (Groundball, 34, EV 95.6 MPH)
Batting: LHB Jimmy McComb 0-0: Ball
1-0: Foul Ball, location: 2F
1-1: Foul Ball, location: 2F
1-2: Ground out 1-3 (Groundball, 13, EV 78.1 MPH)
Bottom of the 5th over - 0 runs, 0 hits, 0 errors, 1 left on base; Walla Walla 2 - Grand Forks 6
TOP OF THE 6TH
Walla Walla Walleye batting - Pitching for Grand Forks Caterpillars : RHP Billy Limby
Batting: RHB Jorge Pedroso 0-0: Called Strike
0-1: Ball
1-1: Foul Ball, location: 2F
1-2: Strikes out swinging
Batting: RHB Roy Berriman 0-0: Called Strike
0-1: Ball
1-1: Ball
2-1: Foul Ball, location: 2F
2-2: Fly out, F9 (Line Drive, 9, EV 90.6 MPH)
Batting: LHB Van Durr 0-0: Ball
1-0: Swinging Strike
1-1: Ball
2-1: Ball
3-1: Ground out 5-3 (Groundball, 56, EV 93.1 MPH)
Top of the 6th over - 0 runs, 0 hits, 0 errors, 0 left on base; Walla Walla 2 - Grand Forks 6
BOTTOM OF THE 6TH
Grand Forks Caterpillars batting - Pitching for Walla Walla Walleye : RHP Clayton Horne
Batting: LHB Ed Cotton 0-0: Foul Ball, location: 2F
0-1: Ball
1-1: Ball
2-1: Foul Ball, location: 2F
2-2: Foul Ball, location: 2F
2-2: Ball
3-2: Base on Balls
Batting: SHB Mark Foster 0-0: Sac Bunt to 13S - play at first, batter OUT! 1-3
Ed Cotton to second
Batting: RHB Miguel Bravo 0-0: Fly out, F8 (Flyball, 8LXD, EV 100.6 MPH)
Runner from 2nd tags up, SAFE at 3rd, no throw by CF
Batting: SHB Tomás Sánchez 0-0: Ball
1-0: Fly out, F8 (Flyball, 8LXD, EV 103.1 MPH)
Bottom of the 6th over - 0 runs, 0 hits, 0 errors, 1 left on base; Walla Walla 2 - Grand Forks 6
TOP OF THE 7TH
Walla Walla Walleye batting - Pitching for Grand Forks Caterpillars : RHP Billy Limby
Batting: SHB Víctor Pagueros 0-0: Ball
1-0: Called Strike
1-1: Ball
2-1: Ball
3-1: Fly out, F8 (Flyball, 78M, EV 88.8 MPH)
Batting: LHB Armando Martínez 0-0: Ball
1-0: Ball
2-0: Ground out 6-3 (Groundball, 6, EV 110.0 MPH)
Batting: RHB Bret Taylor 0-0: Ball
1-0: Ball
2-0: Foul Ball, location: 2F
2-1: DOUBLE (Line Drive, 89M, EV 93.8 MPH)
Batting: RHB Sonny Day 0-0: Ball
1-0: Swinging Strike
1-1: Ball
2-1: Swinging Strike
2-2: Foul Ball, location: 2F
2-2: Foul Ball, location: 2F
2-2: Ball
3-2: Foul Ball, location: 2F
3-2: Base on Balls
Pitching: LHP Norbert Léonard
Batting: RHB Carlton Martin 0-0: Ball
1-0: Foul Ball, location: 2F
1-1: SINGLE (Groundball, 6M, EV 98.8 MPH) (infield hit)
Bret Taylor to third
Sonny Day to second
Batting: RHB Rodrigo Sánchez 0-0: Ball
1-0: Ball
2-0: Ball
3-0: Ground out 6-3 (Groundball, 6MS, EV 71.2 MPH)
Top of the 7th over - 0 runs, 2 hits, 0 errors, 3 left on base; Walla Walla 2 - Grand Forks 6
BOTTOM OF THE 7TH
Grand Forks Caterpillars batting - Pitching for Walla Walla Walleye : RHP Clayton Horne
Batting: LHB Kelvin Schmidt 0-0: Called Strike
0-1: Ball
1-1: SOLO HOME RUN (Flyball, 9LD, EV 105.6 MPH), Distance : 339 ft
Batting: RHB Roberto Guerrero 0-0: Swinging Strike
0-1: Called Strike
0-2: Ball
1-2: DOUBLE (Line Drive, 7LM, EV 101.9 MPH)
Pitching: LHP Martin van der Kuijl
Batting: RHB Markus Lindsey 0-0: Swinging Strike
0-1: Ball
1-1: Ball
2-1: Foul Ball, location: 2F
2-2: Ball
3-2: Strikes out swinging
Batting: RHB Cliff Riley 0-0: Called Strike
0-1: Foul Ball, location: 2F
0-2: Ball
1-2: Ball
2-2: Foul Ball, location: 2F
2-2: Strikes out swinging
Batting: LHB Jimmy McComb 0-0: Foul Ball, location: 2F
0-1: Ball
1-1: Swinging Strike
1-2: Strikes out swinging
Bottom of the 7th over - 1 run, 2 hits, 0 errors, 1 left on base; Walla Walla 2 - Grand Forks 7
TOP OF THE 8TH
Walla Walla Walleye batting - Pitching for Grand Forks Caterpillars : LHP Norbert Léonard
Batting: RHB Jorge Pedroso 0-0: Ball
1-0: Ball
2-0: Ball
3-0: Called Strike
3-1: Foul Ball, location: 2F
3-2: Fly out, F7 (Flyball, 7, EV 95.6 MPH)
Batting: RHB Roy Berriman 0-0: Ball
1-0: Foul Ball, location: 2F
1-1: Foul Ball, location: 2F
1-2: Ground out 4-3 (Groundball, 4, EV 91.2 MPH)
Batting: LHB Van Durr 0-0: Called Strike
0-1: Foul Ball, location: 2F
0-2: Strikes out looking
Top of the 8th over - 0 runs, 0 hits, 0 errors, 0 left on base; Walla Walla 2 - Grand Forks 7
BOTTOM OF THE 8TH
Grand Forks Caterpillars batting - Pitching for Walla Walla Walleye : LHP Martin van der Kuijl
Batting: LHB Ed Cotton 0-0: Ball
1-0: Swinging Strike
1-1: Ball
2-1: Foul Ball, location: 2F
2-2: Foul Ball, location: 2F
2-2: Ball
3-2: Foul Ball, location: 2F
3-2: SINGLE (Line Drive, 6D, EV 106.2 MPH)
Pitching: LHP Alfredo Morales
Batting: SHB Mark Foster 0-0: Foul Ball, location: 2F
0-1: Ball
Wild Pitch!
Ed Cotton to second
1-1: Called Strike
1-2: Strikes out swinging
Batting: RHB Miguel Bravo 0-0: Ball
1-0: Ball
2-0: Called Strike
2-1: DOUBLE (Line Drive, 78M, EV 94.4 MPH)
Ed Cotton scores
Batting: SHB Tomás Sánchez 0-0: Called Strike
Miguel Bravo is caught stealing 3rd base 2-5
0-1: Swinging Strike
0-2: Ball
1-2: Ball
2-2: Strikes out swinging
Bottom of the 8th over - 1 run, 2 hits, 0 errors, 0 left on base; Walla Walla 2 - Grand Forks 8
TOP OF THE 9TH
Walla Walla Walleye batting - Pitching for Grand Forks Caterpillars : LHP Norbert Léonard
Batting: SHB Víctor Pagueros 0-0: Called Strike
0-1: Foul Ball, location: 2F
0-2: Strikes out swinging
Batting: LHB Armando Martínez 0-0: Ball
1-0: Fly out, F6 (Popup, 6, EV 60.0 MPH)
Batting: RHB Bret Taylor 0-0: Ball
1-0: Called Strike
1-1: Fly out, F8 (Flyball, 8RD, EV 80.0 MPH)
Top of the 9th over - 0 runs, 0 hits, 0 errors, 0 left on base; Walla Walla 2 - Grand Forks 8
Friday, March 26th, 2021 - OOTP Baseball 20.8 Build 74